Map: Prion Terraces

Players

MONSTER

  • Race: Zerg Zerg
  • League: Master

xKawaiian - Winner!

  • Race: Terran Terran
  • League: Master

VOD

Have the link to the VOD?

Description

Time

  • Played on: Jan. 15, 2016, 2:18 a.m.
  • Length: 7:39
Show
View Real Time Build Order
Export as new Build Order

MONSTER Zerg 

Build Orders: Hatch First 

Get SALT Encoding   

  12  0:01  Drone  
  13  0:08  Drone  
  14  0:19  Overlord  
  14  0:23  Drone, Extractor  
  14  0:27  Extractor  
  13  0:28  Drone  
  16  0:38  Drone  
  17  0:45  Drone  
  18  0:58  Hatchery  
  18  0:59  Drone  
  18  1:01  Extractor  
  17  1:13  Spawning Pool  
  17  1:17  Drone  
  17  1:21  Drone  
  18  1:29  Drone  
  19  1:37  Overlord  
  19  2:02  Metabolic Boost, Zergling x4  
  19  2:03  Queen  
  23  2:10  Queen  
  23  2:11  Zergling x2  
  23  2:12  Zergling x2  
  27  2:21  Drone  
  28  2:26  Drone  
  29  2:40  Drone, Overlord  
  29  2:42  Drone  
  31  2:45  Queen  
  31  2:47  Drone  
  34  3:00  Drone  
  35  3:07  Drone x2  
  35  3:11  Hatchery  
  36  3:19  Drone x6  
  42  3:25  Drone x2  
  44  3:30  Overlord  
  44  3:45  Overlord  
  44  3:59  Zergling x16  
  52  4:03  Queen x2  
  56  4:12  Overlord  
  56  4:13  Zergling x4  
  56  4:14  Zergling x2  
  59  4:31  Drone  
  59  4:34  Queen  
  62  4:38  Queen  
  62  4:39  Queen  
  65  4:46  Drone x4  
  65  4:50  Drone x5  
  65  4:52  Overlord  
  74  5:02  Overlord  
  74  5:07  Extractor  
  74  5:10  Overlord  
  74  5:13  Drone  
  74  5:15  Lair  
  74  5:20  Overlord  
  74  5:29  Drone x4  
  74  5:34  Drone x3  
  81  5:37  Extractor  
  81  5:38  Drone x2  
  81  5:42  Overlord  
  82  5:44  Drone x4  
  82  5:45  Extractor  
  82  5:49  Evolution Chamber  
  84  5:51  Evolution Chamber  
  84  5:56  Drone x2  
  84  5:57  Drone  
  86  5:58  Overlord x2  
  86  5:59  Overlord, Extractor  
  86  6:00  Extractor  
  86  6:02  Zergling x6  
  86  6:03  Drone x2  
  89  6:08  Drone  
  89  6:09  Overlord  
  90  6:20  Hydralisk Den  
  90  6:22  Pneumatized Carapace  
  90  6:23  Drone  
  90  6:24  Drone x2  
  92  6:35  Hatchery  
  92  6:39  Overlord  
  91  6:44  Infestation Pit  
  66  7:01  Hydralisk x2  
  66  7:02  Hydralisk x8  
  66  7:03  Zergling x6  
  66  7:04  Zergling x4  
  75  7:15  Hydralisk x2  
  76  7:17  Zergling x4  
Show
View Real Time Build Order
Export as new Build Order

xKawaiian Terran - Winner!

Build Orders: Reaper Expand, MMM Bio 

Get SALT Encoding   

  12  0:00  SCV  
  13  0:13  SCV  
  14  0:17  Supply Depot  
  14  0:25  SCV  
  15  0:39  SCV  
  15  0:40  Barracks  
  16  0:46  Refinery  
  16  0:51  SCV  
  17  1:03  SCV  
  18  1:15  SCV  
  19  1:28  Orbital Command  
  19  1:32  Reaper  
  20  1:45  Command Center  
  20  1:55  Supply Depot  
  20  1:56  SCV  
  21  2:04  Barracks Reactor  
  21  2:08  SCV  
  22  2:15  Barracks  
  22  2:20  Barracks  
  22  2:23  SCV  
  23  2:35  SCV  
  24  2:45  Reaper x2  
  24  2:47  SCV  
  24  2:49  Bunker  
  27  2:59  SCV, Orbital Command  
  27  3:03  Barracks Tech Lab  
  28  3:07  Refinery  
  28  3:10  Reaper  
  28  3:12  SCV  
  30  3:22  Reaper  
  30  3:24  SCV  
  30  3:26  SCV  
  33  3:28  Supply Depot  
  33  3:33  Reaper  
  34  3:34  Marine  
  34  3:36  SCV  
  34  3:39  SCV  
  37  3:42  Marine  
  37  3:43  Supply Depot  
  37  3:48  SCV  
  39  3:49  Supply Depot  
  39  3:51  SCV  
  39  3:52  Marine  
  39  3:53  Marine  
  42  3:57  Stimpack  
  42  4:00  SCV, Marine  
  44  4:03  SCV  
  44  4:05  Marine  
  46  4:10  Marine  
  46  4:12  SCV  
  46  4:15  SCV, Factory  
  46  4:16  Marine  
  50  4:18  Marine  
  50  4:23  Marine  
  52  4:24  SCV  
  52  4:27  Supply Depot, SCV  
  52  4:29  Marine  
  55  4:34  Marine  
  55  4:36  SCV, Refinery, Marine  
  58  4:39  SCV  
  58  4:48  SCV  
  58  4:50  Marine  
  58  4:51  SCV  
  59  4:53  Refinery  
  59  4:54  Marine  
  59  4:55  Barracks, Marine  
  59  4:56  Barracks Reactor  
  59  4:57  Barracks  
  61  5:00  SCV, Factory Reactor  
  61  5:01  Starport  
  61  5:03  SCV  
  63  5:09  Armory  
  63  5:12  Marine  
  64  5:20  Supply Depot  
  64  5:21  Supply Depot  
  64  5:22  Barracks Reactor  
  64  5:31  Marine  
  64  5:33  Marine x2  
  67  5:38  Hellion x2  
  71  5:44  Marine  
  71  5:45  Marine  
  71  5:49  Marine  
  74  5:51  Marine x2  
  74  5:52  Medivac x2  
  80  5:59  Combat Shields  
  80  6:01  Marine  
  80  6:02  Hellion  
  80  6:03  Marine  
  80  6:04  Hellion  
  86  6:07  Marine x3  
  86  6:08  Marine  
  86  6:09  Marine  
  91  6:19  Marine  
  91  6:21  Marine  
  91  6:22  Medivac x2  
  91  6:23  Hellion  
  91  6:25  Marauder, Marine  
  102  6:36  Supply Depot  
  102  6:39  Supply Depot  
  102  6:42  Barracks Reactor  
  102  6:52  Marine  
  102  6:54  Marine  
  102  6:55  SCV  
  102  6:58  Hellion x2, Marine x3  
  102  7:00  Marauder, Medivac  
  113  7:02  Medivac  
  113  7:03  SCV  
  115  7:10  Marine  
  115  7:12  Marine  
  115  7:16  Marine x3  
Tags
 
Add a new tag
Caveats
  • Supply blocks, unpowered buildings, or Contaminate may cause inaccurate times.
  • Supply counts are checked every 10 seconds.